 Dungeon Crawl Stone Soup version 0.28.0 (webtiles) character file.

Game seed: 7688535009656872587

88 bande the Covered (level 4, -6/29 HPs)
             Began as a Gargoyle Fighter on Feb 8, 2022.
             Killed by divine providence
             ... invoked by an orc priest
              (13 damage)
             ... on level 3 of the Dungeon.
             The game lasted 00:04:07 (2911 turns).

bande the Covered (Gargoyle Fighter)                Turns: 2911, Time: 00:04:08

Health: -6/29      AC: 13    Str: 19    XL:     4   Next: 53%
Magic:  4/4        EV:  7    Int:  9    God:
Gold:   67         SH:  4    Dex: 11    Spells: 3/3 levels left

rFire   . . .      SeeInvis .   a - +0 war axe
rCold   . . .      Faith    .   c - +0 buckler
rNeg    + . .      Spirit   .   h - +0 chain mail
rPois   ∞          Reflect  .   (no helmet)
rElec   +          Harm     .   (no cloak)
rCorr   .          Rampage  .   (no gloves)
Will    .....                   (no boots)
Stlth   ..........              (no amulet)
HPRegen 0.09/turn               (no ring)
MPRegen 0.09/turn               (no ring)

@: no status effects
A: sickness immunity, AC +3, negative energy resistance 1, electricity
resistance, torment resistance 1, petrification resistance
a: no special abilities


You were on level 3 of the Dungeon.
You visited 1 branch of the dungeon, and saw 3 of its levels.

You collected 67 gold pieces.

Inventory:

Hand Weapons
 a - a +0 war axe (weapon)
 b - a +0 morningstar
 q - a +0 flail
Armour
 c - a +0 buckler (worn)
 h - a +0 chain mail (worn)
Scrolls
 g - a scroll of magic mapping
 j - a scroll of blinking
Potions
 d - a potion of might
 e - 3 potions of heal wounds
 i - a potion of flight
 n - a potion of curing {unknown}
 p - a potion of cancellation {unknown}


   Skills:
 + Level 3.6 Fighting
 + Level 3.1 Axes
 + Level 4.0 Armour
 - Level 0.1 Stealth
 + Level 3.7 Shields


You had 3 spell levels left.
You didn't know any spells.
Your spell library was empty.

Dungeon Overview and Level Annotations

Branches:
Dungeon (3/15)

Altars:
Kikubaaqudgha


Innate Abilities, Weirdness & Mutations

You are immune to sickness and miasma.
Your stone body is resilient. (AC +3)
You are immune to poison.
You resist negative energy. (rN+)
You are resistant to electric shocks. (rElec)
You are resistant to unholy torment.
You are immune to petrification.


Message History

You hit the hobgoblin but do no damage. The orc hits you but does no damage.
The hobgoblin hits you.
You slash the orc!
You kill the orc!
You hit the hobgoblin.
You kill the hobgoblin!
The orc priest mumbles some strange prayers to Beogh against you.
Beogh smites you!
You hit the orc but do no damage. You closely miss the orc.
The orc hits you with a +0 dagger. The orc hits you but does no damage.
You hit the orc.
The orc is moderately wounded.
You slash the orc!
You kill the orc!
The orc hits you with a +0 dagger.
You are too injured to fight recklessly!
You are too injured to fight recklessly!
You are too injured to fight recklessly!
You are too injured to fight recklessly!
You are too injured to fight recklessly!
You are too injured to fight recklessly!
You are too injured to fight recklessly!
You are too injured to fight recklessly!
Unknown command.
The orc priest hits you but does no damage.
You block the orc's attack.
You see here a hobgoblin corpse.
You closely miss the orc priest. You barely miss the orc.
The orc priest mumbles some strange prayers to Beogh against you.
Pain shoots through your body!
* * * LOW HITPOINT WARNING * * *
The orc hits you but does no damage.
The orc priest hits you but does no damage.
Unknown command.
You hit the orc priest but do no damage.
You hit the orc.
You kill the orc!
The orc priest calls down the wrath of Beogh upon you.
Beogh smites you!
You die...

###*** #..,,* #.#*,*
#.##,#
****#########.##.#
*,,,.......))..#.#* ##
*,,,......o@....#.####
#.
*,,*##########.###...#
#. *,,* ##.#.##.# ##.
*,,* ##.###.#####.#
*,,* #....†.....##
*,,* #.###)#####.#
*,,* ******###.###.#
##. *,,*
*,,,,,........# #.
*,,* *,****###.###.#
#.


You could see an orc priest.

Vanquished Creatures
  2 adders (D:2)
  An adder skeleton (D:2)
  A worm (D:2)
  2 dart slugs (D:1)
  8 orcs (D:3)
  3 bats
  4 endoplasms
  3 giant cockroaches (D:1)
  2 goblins (D:1)
  4 hobgoblins
  3 quokkas
  2 ball pythons
  5 frilled lizards
  6 kobolds
  7 rats
53 creatures vanquished.

Notes
Turn   | Place    | Note
-------+----------+-------------------------------------------
     0 | D:1      | bande the Gargoyle Fighter began the quest for the Orb.
     0 | D:1      | Reached XP level 1. HP: 14/14 MP: 1/1
   149 | D:1      | Reached XP level 2. HP: 13/19 MP: 2/2
   686 | D:1      | Reached XP level 3. HP: 22/23 MP: 3/3
  1897 | D:2      | Reached XP level 4. HP: 25/28 MP: 4/4
  2113 | D:2      | Reached skill level 4 in Armour
  2471 | D:3      | Found an ancient bone altar of Kikubaaqudgha.
  2911 | D:3      | Killed from afar by an orc priest

Illustrated notes

Levels and vault maps discovered:
D:1:      heliophobic_arrival_enchanted_forest, layout_basic,
          minmay_tetromino_l2
D:2:      layout_loops_corners
D:3:      layout_loops_ring, nicolae_overflow_hidden_temple, uniq_sigmund

Skill      XL: |  1  2  3  4 |
---------------+-------------+-----
Axes           | 2 3 |  3.1
Armour         | 4 |  4.0
Fighting       | |  3.6
Stealth        | |  0.1
Shields        | |  3.7

Action                   |  1- 3 |  4- 6 || total
-------------------------+-------+-------++-------
Melee: War axe           |    95 |    41 ||   136
  Use: Scroll            |     3 |     9 ||    12
Armor: Scale mail        |    15 |       ||    15
       Chain mail        |    33 |    24 ||    57
Dodge: Dodged            |    42 |    11 ||    53
Block: Buckler           |    20 |    13 ||    33
